 Dungeon Crawl Stone Soup version 0.25-a0-41-g6cf4ce5 (webtiles) character file.

Game seed: 1472756231030664899, levelgen mode: deterministic

97761 stealthycow the Brawler (level 15, -1/231 HPs)
             Began as a Troll Berserker on Oct 21, 2019.
             Was a High Priest of Trog.
             Slain by a ten-headed hydra (14 damage)
             ... on level 1 of the Swamp.
             The game lasted 00:58:48 (27208 turns).

stealthycow the Brawler (Troll Berserker)          Turns: 27208, Time: 00:58:48

Health: -1/231     AC: 11    Str: 39    XL:     15   Next: 73%
Magic:  0/14       EV: 11    Int:  5    God:    Trog [*****.]
Gold:   2375       SH:  0    Dex:  9    Spells: 14/14 levels left

rFire    + . .     SeeInvis .     - Unarmed
rCold    . . .     Gourm    +   D - +0 large shield
rNeg     . . .     Faith    .   Q - +0 troll leather armour
rPois    .         Spirit   +   (helmet restricted)
rElec    +         Reflect  .   p - +2 cloak {MR+}
rCorr    .         Harm     .   (gloves unavailable)
MR       ++...                  (boots unavailable)
Stlth    ..........             x - amulet of guardian spirit
HPRegen  1.28/turn              J - ring of protection from cold
MPRegen  0.14/turn              h - ring of Bomum {Fire *Contam rElec Slay+2}

@: confused, berserking (expiring), drained, very quick
A: large, unfitting armour, claws 3, clever 1, fast metabolism 3, gourmand,
regeneration 1, shaggy fur 1, tough skin 3
a: Berserk, Trog's Hand, Brothers in Arms, Renounce Religion


You were on level 1 of the Swamp.
You worshipped Trog.
Trog was extremely pleased with you.
You were full.

You visited 5 branches of the dungeon, and saw 25 of its levels.
You also visited: Sewer, Gauntlet and Ice Cave.

You collected 2505 gold pieces.
You spent 130 gold pieces at shops.

Inventory:

Hand Weapons
 a - a +9 demon trident of flaming
 c - the +2 broad axe of the Asp {vamp, rPois MR- Str+8 Dex-4}
   (Trog gifted it to you on level 10 of the Dungeon)

   It inflicts no extra harm, but heals its wielder when it wounds a living foe.
   It affects your strength (+8).
   It affects your dexterity (-4).
   It protects you from poison.
   It affects your resistance to hostile enchantments.
 S - a +9 quick blade of freezing
Missiles
 f - 18 large rocks (quivered)
 o - 9 throwing nets
Armour
 p - a +2 cloak of magic resistance (worn)
 D - a +0 large shield (worn)
 Q - a +0 troll leather armour (worn)
Jewellery
 h - the ring of Bomum (right claw) {Fire *Contam rElec Slay+2}
   (You found it on level 12 of the Dungeon)

   [ring of fire]

   It enhances your fire magic.
   It affects your accuracy and damage with ranged weapons and melee attacks
   (+2).
   It protects you from fire.
   It makes you vulnerable to cold.
   It insulates you from electricity.
   It causes magical contamination when unequipped.
 x - an amulet of guardian spirit (around neck)
 J - a ring of protection from cold (left claw)
 K - an uncursed ring of see invisible
 T - an uncursed ring of flight
Wands
 b - a wand of flame (31)
 n - a wand of paralysis (13)
 r - a wand of enslavement (23)
 u - a wand of polymorph (19)
 y - a wand of acid (35)
 A - a wand of iceblast (10)
 E - a wand of scattershot (5)
 F - a wand of clouds (17)
 G - a wand of digging (4)
 L - a wand of random effects (48)
 N - a wand of disintegration (4)
Scrolls
 i - 18 scrolls of remove curse
 m - 8 scrolls of teleportation
 q - 3 scrolls of fog
 v - 9 scrolls of enchant armour
 C - 2 scrolls of immolation
Potions
 d - 13 potions of curing
 g - a potion of resistance
 j - 7 potions of might
 k - a potion of invisibility
 l - 3 potions of magic
 s - 4 potions of mutation
 t - 3 potions of ambrosia
 w - 2 potions of lignification
 z - 3 potions of agility
 B - 2 potions of heal wounds
 H - 4 potions of brilliance
 I - 3 potions of haste
 P - 2 potions of cancellation
 R - 7 potions of flight
Comestibles
 e - 40 rations


   Skills:
 + Level 11.3(10.0) Fighting
 - Level 5.0(3.9) Throwing
 - Level 11.0(9.7) Dodging
 + Level 9.6(8.4) Shields
 * Level 17.6(16.2) Unarmed Combat


You had 14 spell levels left.
You didn't know any spells.
Your spell library was empty.

Dungeon Overview and Level Annotations

Branches:
Dungeon (15/15)            Temple (1/1) D:6            Lair (6/6) D:11
  Swamp (1/4) Lair:2       Spider (0/4) Lair:3        Slime (0/5) Lair:5
    Orc (2/2) D:9             Elf (0/3) Orc:2        Vaults (0/5) D:14
 Depths (0/5) D:15          Sewer (visited)           IceCv (visited)
Gauntlet (visited)

Altars:
Elyvilon
Fedhas
Makhleb
Okawaru
Trog
Vehumet
Xom
The Shining One

Shops:
D:15 *   Orc:2 %((*


Innate Abilities, Weirdness & Mutations

You are too large for most types of armour.
You have claws for hands.
Your metabolism is lightning-fast.
You like to eat raw meat.
Your natural rate of healing is unusually fast.
You are covered in fur. (AC +1)
You have extremely tough skin. (AC +3)
Your mind is acute. (Int +2)


Message History

The hornet stings you!
* * * LOW HITPOINT WARNING * * *
You feel yourself slow down.
The swamp drake breathes noxious fumes at you.
The noxious blast engulfs the ten-headed hydra but does no damage.
You closely miss the ten-headed hydra.
The ten-headed hydra is severely wounded.
You are engulfed in noxious fumes.
You feel yourself speed up.
The hornet stings you but does no damage.
The ten-headed hydra bites you!
* * * LOW HITPOINT WARNING * * *
The ten-headed hydra bites you.
* * * LOW HITPOINT WARNING * * *
The ten-headed hydra bites you but does no damage.
The ten-headed hydra bites you!
* * * LOW HITPOINT WARNING * * *
The ten-headed hydra bites you but does no damage.
The ten-headed hydra bites you!
You die...

≈≈≈..$≈≈.♣
♣♣.≈.≈≈≈≈.♣
♣.≈≈.≈≈♣.≈♣
♣....≈≈.♣
♣.§..≈≈.♣♣
♣♣≈≈..≈≈≈≈♣
♣♣.≈○k○≈..≈♣♣
♣.≈)○D♣≈$...≈
♣≈≈w○@○≈.≈.≈.
♣..≈≈y♣w≈≈≈.≈.
...≈≈≈≈.≈≈..♣.♣.
.♣.≈≈≈≈§≈≈.♣♣♣..
≈..≈....≈≈.♣ ..
≈≈≈.≈.≈≈≈≈.♣
♣≈.≈....♣..♣
....... .♣♣


You could see a ten-headed hydra, a tyrant leech (confused), a swamp worm
(confused), a hornet and a swamp drake.

Vanquished Creatures
  Rupert (Lair:3)
  A frost giant (IceCv)
  Louise (D:15)
  A minotaur (Gauntlet)
  A dire elephant (D:15)
  A blizzard demon (D:12)
  An ice dragon (D:14)
  Harold (D:11)
  5 hydras
  The ghost of vhaine the Prestidigitator, a journeyman OpAs of Gozag (D:12)
  4 vault guards (D:14)
  2 catoblepae
  3 centaur warriors
  3 two-headed ogres
  An alligator (Swamp:1)
  A queen ant (Lair:1)
  Urug (Lair:4)
  An orc high priest (Orc:2)
  2 skeletal warriors (D:9)
  An unseen horror (D:15)
  A wizard (Gauntlet)
  A swamp dragon (Swamp:1)
  An orc knight (Orc:2)
  12 ugly things
  7 orc sorcerers (Orc:2)
  Maurice (D:10)
  3 manticores
  8 elephants
  3 cyclopes
  3 black mambas
  2 ice statues (IceCv)
  A naga mage (D:15)
  15 spiny frogs
  6 gargoyles
  A freezing wraith (D:15)
  6 rime drakes
  2 minotaur zombies (Gauntlet)
  2 kobold demonologists
  2 tengu conjurers (D:14)
  2 ice devils (D:12)
  3 komodo dragons
  6 trolls
  A wind drake (shapeshifter) (D:14)
  22 polar bears
  10 hornets
  A bog body (Lair:2)
  2 dream sheep (Lair:6)
  6 slime creatures
  12 hippogriffs
  A meliai zombie (D:14)
  16 blink frogs
  2 centaur simulacra
  A vampire (D:15)
  2 shadows
  14 spriggans (Lair:6)
  11 wyverns
  The ghost of demibob the Cleaver, an amateur HOBe of Trog (D:3)
  29 yaks
  4 basilisks
  4 vampire mosquitoes
  4 wargs
  21 soldier ants
  19 water moccasins
  6 porcupines
  A porcupine (shapeshifter) (D:14)
  A meliai simulacrum (D:12)
  3 ice beasts
  3 black bears
  23 orc warriors
  3 phantoms
  12 ogres
  An eye of draining (D:11)
  2 necrophages
  35 wolves
  4 boggarts (Lair:6)
  10 centaurs
  15 crocodiles
  5 big kobolds
  8 bullfrogs
  A wyvern zombie (D:14)
  A hornet simulacrum (D:14)
  9 killer bees (D:9)
  4 scorpions
  3 electric eels
  5 howler monkeys
  6 crimson imps
  2 bullfrog zombies (D:8)
  10 hounds
  2 bullfrog skeletons
  3 centaur zombies
  5 jellies
  27 orc wizards
  2 centaur skeletons
  25 orc priests
  Crazy Yiuf (D:2)
  A gnoll shaman (D:10)
  2 iguanas
  Terence (D:2)
  Jessica (D:3)
  27 worker ants
  A bullfrog simulacrum (D:12)
  A hound zombie (D:10)
  A howler monkey skeleton (D:4)
  8 gnolls
  A river rat (Sewer)
  14 adders
  8 shadow imps
  A white imp (Gauntlet)
  2 oozes
  3 adder zombies
  An adder skeleton (D:4)
  6 worms
  13 leopard geckos
  78 orcs
  7 giant cockroaches
  5 goblins
  8 hobgoblins
  18 jackals
  28 kobolds
  5 quokkas
  2 ball pythons
  5 bats
  11 frilled lizards
  A jackal skeleton (D:4)
  A leopard gecko zombie (D:7)
  10 rats
  A fungus (Lair:2)
814 creatures vanquished.

Vanquished Creatures (collateral kills)
  A hell beast (Gauntlet)
  A hydra (Lair:2)
  A skeletal warrior (D:9)
  A black mamba (Lair:2)
  A rime drake (D:12)
  A centaur simulacrum (D:12)
  A hell hound (Gauntlet)
  An orc warrior (Orc:1)
  An ogre (Orc:1)
  A crimson imp (D:9)
  2 orc priests (Orc:1)
  3 orc wizards (Orc:1)
  2 bullfrog simulacra (D:12)
  8 orcs (Orc:1)
25 creatures vanquished.

Vanquished Creatures (others)
  3 bushes (D:14)
  6 demonic plants (Gauntlet)
  9 fungi (Lair:6)
  3 plants (Lair:6)
  5 toadstools (D:11)
  5 withered plants (Gauntlet)
31 creatures vanquished.

Grand Total: 870 creatures vanquished

Notes
Turn   | Place    | Note
-------+----------+-------------------------------------------
     0 | D:1      | stealthycow the Troll Berserker began the quest for the
                  | Orb.
     0 | D:1      | Reached XP level 1. HP: 22/22 MP: 0/0
    58 | D:1      | Reached XP level 2. HP: 29/29 MP: 1/1
   506 | D:2      | Reached XP level 3. HP: 19/36 MP: 2/2
   510 | D:2      | Reached ** piety under Trog
   767 | D:2      | Reached skill level 4 in Unarmed Combat
   813 | D:2      | Found a runed translucent door.
   814 | D:2      | Noticed Crazy Yiuf
   912 | D:2      | Reached XP level 4. HP: 38/44 MP: 3/3
  1220 | D:2      | Noticed Terence
  1224 | D:2      | Killed Terence
  1388 | D:2      | Reached XP level 5. HP: 53/53 MP: 4/4
  1467 | D:2      | Killed Crazy Yiuf
  1687 | D:3      | Found a large runed translucent door.
  1688 | D:3      | Found a large runed translucent door.
  1691 | D:3      | Noticed demibob's ghost (amateur HOBe)
  2005 | D:3      | Reached skill level 5 in Unarmed Combat
  2013 | D:3      | Reached *** piety under Trog
  2117 | D:3      | Noticed Jessica
  2120 | D:3      | Killed Jessica
  2334 | D:3      | Reached XP level 6. HP: 61/61 MP: 5/5
  2467 | D:3      | Killed demibob's ghost
  2597 | D:4      | Reached skill level 6 in Unarmed Combat
  2597 | D:4      | Reached XP level 7. HP: 61/68 MP: 6/6
  2806 | D:4      | Got a smoking falchion
  2808 | D:4      | Identified the +2 falchion of Xeovucs {venom, *Contam rN+
                  | Int+3} (You found it on level 4 of the Dungeon)
  2857 | D:4      | Gained mutation: Your mind is acute. (Int +2) [mutagenic
                  | glow]
  3276 | D:5      | Entered Level 5 of the Dungeon
  3315 | D:5      | Received a gift from Trog
  3333 | D:5      | Reached skill level 7 in Unarmed Combat
  3337 | D:5      | Reached XP level 8. HP: 79/79 MP: 7/7
  3865 | D:6      | Found a glowing drain.
  3886 | Sewer    | Entered a sewer
  3976 | Sewer    | Found a glowing silver altar of Zin.
  4068 | D:6      | Reached **** piety under Trog
  4246 | D:6      | Found a staircase to the Ecumenical Temple.
  4279 | D:6      | Found a white marble altar of Elyvilon.
  4398 | Temple   | Entered the Ecumenical Temple
  4465 | D:7      | Reached skill level 5 in Dodging
  4465 | D:7      | Reached skill level 8 in Unarmed Combat
  4479 | D:7      | Reached skill level 5 in Fighting
  5095 | D:8      | Noticed a hippogriff
  5104 | D:8      | Killed a hippogriff
  5104 | D:8      | Reached skill level 9 in Unarmed Combat
  5104 | D:8      | Reached XP level 9. HP: 82/88 MP: 5/8
  5620 | D:8      | Reached ***** piety under Trog
  5846 | D:9      | Found a staircase to the Orcish Mines.
  5865 | D:9      | Noticed a skeletal warrior
  5865 | D:9      | Noticed a skeletal warrior
  5867 | D:9      | Noticed a skeletal warrior
  5875 | D:9      | Killed a skeletal warrior
  5875 | D:9      | Reached skill level 10 in Unarmed Combat
  5877 | D:9      | Killed a skeletal warrior
  5880 | D:9      | Killed a skeletal warrior
  5880 | D:9      | Reached XP level 10. HP: 100/100 MP: 7/9
  6281 | D:9      | Found a bloodstained altar of Trog.
  6287 | D:9      | Found a shimmering altar of Xom.
  6343 | D:9      | Reached skill level 11 in Unarmed Combat
  7181 | D:10     | Entered Level 10 of the Dungeon
  7384 | D:10     | Noticed Maurice
  7398 | D:10     | Killed Maurice
  7398 | D:10     | Reached skill level 1 in Shields
  7820 | D:10     | Received a gift from Trog
  7833 | D:10     | Got a shimmering broad axe {god gift}
  7852 | D:10     | Identified the +2 broad axe of the Asp {vamp, rPois MR-
                  | Str+8 Dex-4} (Trog gifted it to you on level 10 of the
                  | Dungeon)
  7993 | D:10     | Noticed a gargoyle
  8003 | D:10     | Killed a gargoyle
  8003 | D:10     | Reached skill level 12 in Unarmed Combat
  8003 | D:10     | Reached XP level 11. HP: 100/109 MP: 8/10
  8261 | D:11     | Found a gate leading to a gauntlet.
  8266 | Gauntlet | Entered a Gauntlet
  8266 | Gauntlet | Found a transporter.
  8276 | Gauntlet | Found a transporter.
  8285 | Gauntlet | Noticed a catoblepas
  8291 | Gauntlet | Found a transporter.
  8296 | Gauntlet | Found a transporter.
  8311 | Gauntlet | Found a transporter.
  8330 | Gauntlet | Found a transporter.
  8330 | Gauntlet | Noticed an entropy weaver
  8342 | Gauntlet | Found a transporter.
  8342 | Gauntlet | Noticed an obsidian statue
  8348 | Gauntlet | Found a transporter.
  8363 | Gauntlet | Found a transporter.
  8363 | Gauntlet | Noticed a hell beast
  8369 | Gauntlet | Found a transporter.
  8384 | Gauntlet | Found a transporter.
  8386 | Gauntlet | Noticed a ghost crab
  8396 | Gauntlet | Found a transporter.
  8413 | Gauntlet | Found a transporter.
  8413 | Gauntlet | Found a transporter.
  8435 | Gauntlet | Found a transporter.
  8488 | Gauntlet | Found a transporter.
  8489 | Gauntlet | Noticed a catoblepas
  8513 | Gauntlet | Noticed a wizard
  8537 | Gauntlet | Found a transporter.
  8583 | Gauntlet | Found a transporter.
  8609 | Gauntlet | Killed a wizard
  8742 | Gauntlet | Killed a catoblepas
  8844 | Gauntlet | Killed a hell beast
  8896 | Gauntlet | Noticed a minotaur
  8903 | Gauntlet | Killed a minotaur
  9125 | D:11     | Noticed a two-headed ogre
  9129 | D:11     | Killed a two-headed ogre
  9152 | D:11     | Found a radiant altar of Vehumet.
  9198 | D:11     | Found a staircase to the Lair.
  9498 | D:11     | Paralysed by a hornet for 1 turns
  9654 | D:11     | Noticed Harold
  9677 | D:11     | Killed Harold
  9677 | D:11     | Reached skill level 5 in Shields
  9677 | D:11     | Reached skill level 13 in Unarmed Combat
  9813 | D:11     | Reached XP level 12. HP: 94/120 MP: 7/11
 10432 | D:12     | Noticed a blizzard demon
 10432 | D:12     | Noticed vhaine's ghost (journeyman OpAs)
 10453 | D:12     | Found a runed translucent gate.
 10453 | D:12     | Found a runed translucent gate.
 10453 | D:12     | Found a runed translucent gate.
 10899 | D:12     | Found a shimmering altar of Xom.
 11208 | D:12     | Killed vhaine's ghost
 11213 | D:12     | Killed a blizzard demon
 11364 | D:12     | Got the ring of Bomum {Fire}
 11374 | D:12     | Identified the ring of Bomum {Fire *Contam rElec Slay+2}
                  | (You found it on level 12 of the Dungeon)
 11530 | Lair:1   | Entered Level 1 of the Lair of Beasts
 12293 | Lair:1   | Reached skill level 14 in Unarmed Combat
 12425 | Lair:2   | Noticed a queen ant
 12439 | Lair:1   | HP: 6/122 [soldier ant (6)]
 12516 | Lair:1   | Killed a queen ant
 13943 | Lair:2   | Reached XP level 13. HP: 90/131 MP: 9/12
 14286 | Lair:2   | Found a staircase to the Swamp.
 15025 | Lair:3   | Got a twisted executioner's axe
 15032 | Lair:3   | Identified the +4 executioner's axe "Moluho Cacs" {elec,
                  | rElec Int+6} (You found it on level 3 of the Lair of
                  | Beasts)
 15058 | Lair:3   | Noticed Rupert
 15076 | Lair:3   | Killed Rupert
 15129 | Lair:3   | Found a radiant altar of Vehumet.
 15319 | Lair:3   | Found a hole to the Spider Nest.
 15327 | Lair:3   | Paralysed by a hornet for 2 turns
 15482 | Lair:3   | Received a gift from Trog
 15868 | Lair:4   | Noticed Urug
 15889 | Lair:4   | Killed Urug
 16285 | Lair:4   | Reached skill level 1 in Throwing
 16940 | Lair:5   | Reached skill level 15 in Unarmed Combat
 17266 | Lair:5   | Found a staircase to the Slime Pits.
 17951 | Lair:6   | Entered Level 6 of the Lair of Beasts
 17988 | Lair:6   | Paralysed by a hornet for 1 turns
 18324 | Lair:6   | Reached XP level 14. HP: 125/141 MP: 11/13
 18772 | Lair:6   | Received a gift from Trog
 19036 | Lair:6   | Reached skill level 10 in Dodging
 19290 | Lair:6   | Reached skill level 10 in Fighting
 20913 | D:13     | Reached skill level 16 in Unarmed Combat
 21405 | D:14     | Found a frozen archway.
 21502 | IceCv    | Entered an ice cave
 21655 | IceCv    | Reached skill level 5 in Throwing
 22135 | IceCv    | Noticed a frost giant
 22151 | IceCv    | Killed a frost giant
 22151 | IceCv    | Received a gift from Trog
 22563 | D:14     | Found a burning altar of Makhleb.
 22727 | D:14     | Received a gift from Trog
 22767 | D:14     | Reached XP level 15. HP: 152/152 MP: 12/14
 22995 | D:14     | Found a gate to the Vaults.
 23385 | D:14     | Reached skill level 17 in Unarmed Combat
 23702 | D:15     | Entered Level 15 of the Dungeon
 23850 | D:15     | Noticed Louise
 23863 | D:15     | Killed Louise
 24163 | D:15     | Found Guxof's Assorted Antiques.
 24168 | D:15     | Bought a twisted tourmaline ring for 130 gold pieces
 24239 | D:15     | Identified a scroll of acquirement
 24242 | D:15     | Got a heavily runed large shield
 24254 | D:15     | Identified the +0 large shield of Warixi Lixim {rN+++ MR-
                  | rCorr Str+3} (You acquired it on level 15 of the Dungeon)
 24646 | D:15     | Found a staircase to the Depths.
 25270 | Orc:1    | Entered Level 1 of the Orcish Mines
 25480 | Orc:2    | Entered Level 2 of the Orcish Mines
 25480 | Orc:2    | Found a staircase to the Elven Halls.
 25499 | Orc:2    | Received a gift from Trog
 26221 | Orc:2    | Reached ****** piety under Trog
 26221 | Orc:2    | Received a gift from Trog
 26240 | Orc:2    | Found Kabbe's Antique Weapon Shop.
 26240 | Orc:2    | Found Jehezxum's Food Shop.
 26241 | Orc:2    | Found Ilual Dolimn's Weapon Boutique.
 26245 | Orc:2    | Found Odetwej's General Store.
 26962 | Swamp:1  | Entered Level 1 of the Swamp
 27208 | Swamp:1  | Slain by a ten-headed hydra

Levels and vault maps discovered:
D:1:      dpeg_arrival_fog, layout_rooms
D:2:      layout_loops_cross, minmay_cut_off, uniq_terence,
          uniq_crazy_yiuf_cottage
D:3:      layout_loops_cross, first_ration, ebering_ghost_disaster_area,
          uniq_jessica
D:4:      layout_gridville, serial_undead, serial_undead_b, serial_undead_b,
          serial_undead_e, serial_undead_e
D:5:      layout_rooms, serial_rivers, chequers_serial_rivers_micro_b,
          chequers_serial_rivers_room_b, chequers_serial_rivers_micro_d,
          chequers_serial_rivers_micro_a, chequers_serial_rivers_small_b,
          chequers_serial_rivers_micro_b
D:6:      layout_rooms, minmay_temple_entry_glass, gup_sewer_entry_pipe,
          st_stairs_10, elyvilon_altar_5
D:7:      layout_loops_cross, minmay_lizard_king
D:8:      layout_loops_ring
D:9:      layout_stronghold, xom_teletrap_fun, orc_0_dummy, basic_altar
D:10:     layout_loops_corners, uniq_maurice
D:11:     layout_long_grid, erik_lair_orcish_takeover, special_room
          [special_room_orc], basic_altar, gauntlet_entry_generic,
          hangedman_pestilent_swarm, minmay_gold_behind_fungi, uniq_harold
D:12:     layout_long_grid, basic_altar, gammafunk_ghost_icy
D:13:     layout_loops_cross, wad_dig_loot
D:14:     layout_roguey, lightli_vaults_fourway_checkpoint,
          portal_ice_cave_entry_animals_and_master, serial_park_paths
          [serial_park_minivault_5x5_4]
D:15:     hangedman_depths_entry_try_elsewhere_first, layout_layer_cave,
          serial_shops, shop, nrook_mini_vaults, uniq_louise
Temple:   compressed_dpeg_circular_temple
Lair:1:   layout_loops_ring
Lair:2:   layout_concentric_octagons, skrybe_swamp_entry_bodies,
          grunt_forest_small_clearings, minivault_29, serial_bayou_shore_a
Lair:3:   layout_regular_city, nicolae_spider_entry_non_spiders, basic_altar,
          uniq_rupert
Lair:4:   layout_hall_layers, beast_lair_carwin_3, lemuel_fruit_fields,
          uniq_urug
Lair:5:   layout_gridlike, minmay_slime_entry_pillars,
          nicolae_quartered_pool_medium, beast_lair_carwin_7,
          lemuel_fruit_fields
Lair:6:   minmay_lair_end_enchanted_forest, layout_regular_city
Swamp:1:  layout_falls_marsh, evilmike_swamp_ruin_rubble_2,
          lemuel_altar_in_water
Orc:1:    layout_caves
Orc:2:    st_orc_mages, layout_caves

Skill      XL: |  1  2  3  4  5  6  7  8  9 10 11 12 13 14 15 |
---------------+----------------------------------------------+-----
Unarmed Combat | 4 5 6 7 9 10 12 13 14 15 16 17 | 17.6
Dodging        | 3 4 5 6 7 8 9 10 11 | 11.0
Fighting       | 3 4 5 6 7 8 9 10 11 | 11.3
Shields        | 2 5 7 9 |  9.6
Throwing       | 2 5 |  5.0

Action                   |  1- 3 |  4- 6 |  7- 9 | 10-12 | 13-15 || total
-------------------------+-------+-------+-------+-------+-------++-------
Melee: Unarmed           |    94 |   109 |   333 |   599 |  1220 ||  2355
       Punch             |       |     2 |    12 |    12 |       ||    26
       Broad axe         |       |       |       |   147 |    89 ||   236
       Demon trident     |       |       |       |       |    13 ||    13
       Quick blade       |       |       |       |       |    13 ||    13
Throw: Large rock        |       |       |       |       |     4 ||     4
Invok: Berserk           |     2 |     5 |     4 |    19 |    22 ||    52
       Trog's Hand       |       |     1 |     2 |    10 |    11 ||    24
       Brothers in Arms  |       |       |     2 |     5 |     2 ||     9
Evoke: Wand              |       |       |       |       |     2 ||     2
  Use: Scroll            |       |    15 |     6 |     4 |    21 ||    46
       Potion            |       |       |     1 |     3 |       ||     4
 Stab: Distracted        |       |     1 |       |     1 |       ||     2
  Eat: Chunk             |    16 |    21 |    34 |    74 |   139 ||   284
       Ration            |       |       |       |     6 |     3 ||     9
Armor: Animal skin       |    43 |    34 |   109 |   182 |   136 ||   504
       Troll leather arm |       |       |       |       |   158 ||   158
Dodge: Dodged            |    45 |    50 |   193 |   350 |   515 ||  1153
Block: Shield            |       |       |       |   304 |   577 ||   881
       Large shield      |       |       |       |       |   300 ||   300

Table legend:
 A = Non-vault XP
 B = Vault XP
 C = Vault XP percentage of total XP
 D = Non-vault monster count
 E = Vault monster count
 F = Vault count percentage of total count
                 A         B        C        D         E       F
            +---------+---------+-------+---------+---------+-------
      Total |   75883 |   63776 |  45.7 |     520 |     318 |  37.9
            +---------+---------+-------+---------+---------+-------
        D:1 |      32 |       0 |   0.0 |      23 |       0 |   0.0
        D:2 |     126 |      83 |  39.7 |      22 |       5 |  18.5
        D:3 |     105 |     233 |  68.9 |      19 |       2 |   9.5
        D:4 |     504 |     116 |  18.7 |      22 |       6 |  21.4
        D:5 |     473 |       0 |   0.0 |      16 |       0 |   0.0
        D:6 |      57 |      18 |  24.0 |       3 |       7 |  70.0
        D:7 |     510 |     167 |  24.7 |      12 |      11 |  47.8
        D:8 |    1587 |       0 |   0.0 |      40 |       0 |   0.0
        D:9 |    4790 |       0 |   0.0 |      38 |       0 |   0.0
       D:10 |    1538 |     520 |  25.3 |      30 |       1 |   3.2
       D:11 |    4466 |    3491 |  43.9 |      31 |      37 |  54.4
       D:12 |    3066 |    3537 |  53.6 |      25 |      12 |  32.4
       D:13 |    3386 |     306 |   8.3 |      12 |       3 |  20.0
       D:14 |   11369 |    9623 |  45.8 |      34 |      19 |  35.8
       D:15 |    5176 |    4153 |  44.5 |      18 |       4 |  18.2
     Lair:1 |    3265 |    1923 |  37.1 |      16 |      10 |  38.5
     Lair:2 |    2865 |    2987 |  51.0 |      11 |      30 |  73.2
     Lair:3 |    2985 |    3244 |  52.1 |      11 |       9 |  45.0
     Lair:4 |    2321 |    2471 |  51.6 |       7 |       5 |  41.7
     Lair:5 |    6795 |    4079 |  37.5 |      29 |      23 |  44.2
     Lair:6 |   11574 |    7698 |  39.9 |      42 |      40 |  48.8
    Swamp:1 |    3647 |       0 |   0.0 |       6 |       0 |   0.0
      Orc:1 |    1772 |     165 |   8.5 |      31 |       2 |   6.1
      Orc:2 |    3474 |    4502 |  56.4 |      22 |      36 |  62.1
      Sewer |       0 |     120 | 100.0 |       0 |       9 | 100.0
      IceCv |       0 |    9580 | 100.0 |       0 |      36 | 100.0
   Gauntlet |       0 |    4760 | 100.0 |       0 |      11 | 100.0
            +---------+---------+-------+---------+---------+-------
